 Dungeon Crawl Stone Soup version 0.28-a0-895-g6e5f11bd55 (webtiles) character file.

Game seed: 2139326837273140595

51 vurker the Gusty (level 3, -4/28 HPs)
             Began as a Demigod Air Elementalist on Nov 23, 2021.
             Slain by a goblin (8 damage)
             ... led by Robin
             ... on level 2 of the Dungeon.
             The game lasted 00:01:17 (1789 turns).

vurker the Gusty (Demigod Air Elementalist)         Turns: 1789, Time: 00:01:18

Health: -4/28      AC:  3    Str:  9    XL:     3   Next: 36%
Magic:  1/9        EV: 12    Int: 21    God:
Gold:   47         SH:  0    Dex: 14    Spells: 5/6 levels left

rFire   . . .      SeeInvis .   c - +0 dagger
rCold   . . .      Faith    .   (no shield)
rNeg    . . .      Spirit   .   a - +0 robe
rPois   .          Reflect  .   (no helmet)
rElec   .          Harm     .   (no cloak)
rCorr   .          Rampage  .   f - +0 pair of gloves
Will    .....                   (no boots)
Stlth   ++........              (no amulet)
HPRegen 0.09/turn               (no ring)
MPRegen 0.11/turn               (no ring)

@: no status effects
A: high mp 1, forlorn
a: no special abilities


You were on level 2 of the Dungeon.
You visited 1 branch of the dungeon, and saw 2 of its levels.

You collected 47 gold pieces.

Inventory:

Hand Weapons
 c - a +0 dagger (weapon)
   (You took it off a goblin on level 1 of the Dungeon)
Armour
 a - a +0 robe (worn)
 f - a +0 pair of gloves (worn)
   (You found it on level 2 of the Dungeon)
Potions
 b - a potion of might {unknown}
 d - 2 potions of curing {unknown}
 e - a potion of lignification {unknown}


   Skills:
 + Level 1.0 Fighting
 - Level 1.7 Dodging
 - Level 1.7 Stealth
 * Level 2.3 Spellcasting
 + Level 1.4 Conjurations
 * Level 3.3 Air Magic


You had 5 spell levels left.
You knew the following spells:

 Your Spells              Type           Power      Damage    Failure   Level
a - Shock                 Conj/Air       48%        1d6       5%          1

Your spell library contained the following spells:

 Spells                   Type           Power      Damage    Failure   Level
 Static Discharge         Conj/Air       12%        N/A       9%          2
 Swiftness                Air            16%        N/A       11%         3
 Airstrike                Air            8%         N/A       36%         4


Dungeon Overview and Level Annotations

Branches:
Dungeon (2/15)

Annotations:
D:2 Robin


Innate Abilities, Weirdness & Mutations

Your attributes grow dramatically as you level up.
You have an increased reservoir of magic. (+10% MP)
You shall have no god before yourself.


Message History

The zap misses Robin.
The zap hits Robin.
Robin misses you.
The zap hits Robin but does no damage.
Robin closely misses you.
Your magical contamination has completely faded away.
There is a stone staircase leading down here.
You barely miss Robin. Robin closely misses you.
You hit Robin.
Robin roars a battlecry!
A goblin comes into view. It is wielding a +4 dagger.
The goblin shouts!
You hear a shout!
You hit Robin but do no damage.
Robin hits you with a +2 whip of flaming.
Robin burns you.
Unknown command.
The goblin shouts!
You hear a shout!
Robin says, "A pitiful Demigod like you will never find the ORB!"
A goblin comes into view. It is wielding a +0 club.
The goblin shouts!
The goblin hits you with a +0 dagger.
* * * LOW HITPOINT WARNING * * *
A goblin comes into view. It is wielding a +0 dagger.
Robin roars a battlecry!
The goblins go into a battle-frenzy!
The goblin hits you with a +0 club.
* * * LOW HITPOINT WARNING * * *
Robin throws the goblin at you!
* * * LOW HITPOINT WARNING * * *
The goblin hits you with a +0 dagger.
* * * LOW HITPOINT WARNING * * *
The goblin closely misses you. The goblin hits you with a +0 dagger.
* * * LOW HITPOINT WARNING * * *
Robin roars a battlecry!
The goblin hits you with a +0 dagger.
* * * LOW HITPOINT WARNING * * *
The goblin hits you but does no damage.
The zap hits the goblin. x2
You kill the goblin!
The zap misses the goblin.
The zap hits the goblin.
You kill the goblin!
The zap hits the goblin.
The goblin no longer looks unusually strong.
The zap hits the goblin.
You kill the goblin!
Robin roars a battlecry!
Found a leather armour.
Robin throws the goblin at you!
You hit the goblin but do no damage. The goblin hits you with a +4 dagger!
You die...

### ##### #..
...# ## #.#
#..#######.
#g#
#..##..g.g.
#@#
####..##.##...
#.#
#.g...g..#..g.
#.#
#.##..#####..g
#.###.##..#
##..
#.g.gg....#
#.#
#####.#####
#.# #... #+#
####.# #


You could see Robin and a goblin (strong).

Vanquished Creatures
  An adder (D:2)
  A dart slug (D:1)
  A ball python (D:1)
  2 endoplasms (D:1)
  2 giant cockroaches
  8 goblins
  2 hobgoblins (D:2)
  4 jackals (D:1)
  A kobold (D:1)
  A quokka (D:1)
  5 bats
  5 frilled lizards
  A spectral hobgoblin (D:1)
34 creatures vanquished.

Notes
Turn   | Place    | Note
-------+----------+-------------------------------------------
     0 | D:1      | vurker the Demigod Air Elementalist began the quest for the
                  | Orb.
     0 | D:1      | Reached XP level 1. HP: 14/14 MP: 5/5
   135 | D:1      | Reached skill level 1 in Conjurations
   419 | D:1      | Reached XP level 2. HP: 22/22 MP: 1/7
   526 | D:1      | Reached skill level 3 in Air Magic
  1495 | D:2      | Reached XP level 3. HP: 27/27 MP: 5/8
  1726 | D:2      | Noticed Robin
  1751 | D:2      | Reached skill level 1 in Fighting
  1789 | D:2      | Slain by a goblin

Illustrated notes

Levels and vault maps discovered:
D:1:      evilmike_arrival_hilbert_curve, layout_loops_corners,
          dreamdust_ecumenical_altar_drowned_temple
D:2:      layout_loops_corners, columned_hall_lemuel, uniq_robin

Skill      XL: |  1  2  3 |
---------------+----------+-----
Conjurations   | 1 |  1.4
Spellcasting   | 2 |  2.3
Air Magic      | 3 |  3.3
Fighting       | 1 |  1.0
Dodging        | |  1.7
Stealth        | |  1.7

Action                   || total
-------------------------++-------
Melee: Dagger            ||    14
 Cast: Shock             ||    69
Armor: Robe              ||     7
Dodge: Dodged            ||    22

Table legend: (Time is in decaauts)
 A = Elapsed time spent in this place.
 B = Non-inter-level travel time spent in this place.
 C = Inter-level travel time spent in this place.
 D = Time resting spent in this place.
 E = Time spent auto-exploring this place.
 F = Levels seen in this place.
 G = Mean time per level.
                   A        B        C        D        E       F      G
               +--------+--------+--------+--------+--------+-----+--------+
         Total |   1791 |   1764 |     27 |      0 |   1560 |   2 |  895.5 |
       Dungeon |   1791 |   1764 |     27 |      0 |   1560 |   2 |  895.5 |
               +--------+--------+--------+--------+--------+-----+--------+

Top non-repeatable levels by time:
     D:1: 1334 daAuts
     D:2: 457 daAuts
